 Dungeon Crawl Stone Soup version 0.29.1-15-g9cfb28693d (webtiles) character file.

Game seed: 18259468570025969688

56 croobank the Conjurer (level 3, -10/26 HPs)
             Began as a Gnoll Conjurer on May 2, 2023.
             Mangled by a worm (11 damage)
             ... on level 1 of the Dungeon.
             The game lasted 00:05:50 (1949 turns).

croobank the Conjurer (Gnoll Conjurer)              Turns: 1949, Time: 00:05:51

Health: -10/26     AC:  2    Str:  6    XL:     3   Next: 95%
Magic:  0/9        EV: 13    Int: 19    God:
Gold:   70         SH:  0    Dex: 10    Spells: 6/12 levels left

rFire   . . .      SeeInvis .   d - +0 dagger
rCold   . . .      Faith    .   (no shield)
rNeg    . . .      Spirit   .   a - +0 robe
rPois   .          Reflect  .   (no helmet)
rElec   .          Harm     .   (no cloak)
rCorr   +          Rampage  .   (no gloves)
Will    .....                   (no boots)
Stlth   ++........              (no amulet)
HPRegen 0.08/turn               b - ring of resist corrosion
MPRegen 0.11/turn               (no ring)

@: no status effects
A: fangs 1, strong nose, distributed training
a: no special abilities


You were on level 1 of the Dungeon.
You visited 1 branch of the dungeon, and saw 2 of its levels.

You collected 70 gold pieces.

Inventory:

Hand Weapons
 d - a +0 dagger (weapon)
Missiles
 j - a throwing net
 k - 2 poisoned darts
Armour
 a - a +0 robe (worn)
 e - a +0 leather armour
Jewellery
 b - a ring of resist corrosion (left hand)
Scrolls
 f - a scroll of amnesia {unknown}
 g - a scroll of identify {unknown}
Potions
 c - a potion of degeneration {unknown}
 h - 3 potions of heal wounds {unknown}
 i - a potion of attraction {unknown}


   Skills:
 + Level 1.0 Fighting
 + Level 1.0 Short Blades
 + Level 1.0 Long Blades
 + Level 1.0 Axes
 + Level 1.0 Maces & Flails
 + Level 1.0 Polearms
 + Level 1.0 Staves
 + Level 1.0 Ranged Weapons
 + Level 1.0 Throwing
 + Level 1.0 Armour
 + Level 4.6 Dodging
 + Level 4.2 Stealth
 + Level 1.0 Shields
 + Level 1.0 Unarmed Combat
 + Level 5.0 Spellcasting
 + Level 7.1 Conjurations
 + Level 0.7 Hexes
 + Level 0.7 Summonings
 + Level 0.7 Necromancy
 + Level 0.7 Translocations
 + Level 0.7 Transmutations
 + Level 0.7 Fire Magic
 + Level 0.7 Ice Magic
 + Level 0.7 Air Magic
 + Level 0.7 Earth Magic
 + Level 0.7 Poison Magic
 + Level 1.1 Invocations
 + Level 1.0 Evocations


You had 6 spell levels left.
You knew the following spells:

 Your Spells              Type           Power      Damage    Failure   Level
a - Magic Dart            Conj           100%       1d8       1%          1
b - Searing Ray           Conj           62%        2d6       1%          2
c - Dazzling Flash        Conj/Hex       38%        N/A       8%          3

Your spell library contained the following spells:

 Spells                   Type           Power      Damage    Failure   Level
 Apportation              Tloc           14%        N/A       9%          1
 Necrotise                Necr           28%        1d5       9%          1
 Summon Small Mammal      Summ           28%        N/A       9%          1
 Fulminant Prism          Conj/Hex       9%         3d7       24%         4
 Iskenderun's Mystic Bla  Conj/Tloc      19%        2d6       24%         4
 Ozocubu's Armour         Ice            7%         N/A       26%         3
 Animate Armour           Summ/Erth      14%        N/A       65%         4
 Blade Hands              Tmut           3%         N/A       94%         5
 Iron Shot                Conj/Erth      9%         9d3       98%         6
 Ozocubu's Refrigeration  Ice            3%         4d8       100%        7


Dungeon Overview and Level Annotations

Branches:
Dungeon (2/15)

Altars:


Innate Abilities, Weirdness & Mutations

You have very sharp teeth.
Your uncanny sense of smell can sniff out nearby items.
Your experience applies equally to all skills.


Message History

You start resting.
HP restored.
You climb downwards.
The kobold barely misses you. The worm bites you! The kobold barely misses you.
There is a stone staircase leading up, spattered with blood here.
Casting: Searing Ray (safe; 1% risk of failure)
Confirm with . or Enter, or press ? or * to list all spells.
Casting: Dazzling Flash (quite dangerous; 8% risk of failure)
Press: ? - help, Dir - look around, f - activate The worm is dazzled.
The kobold is dazzled.
The kobold closely misses you. The worm bites you.
The kobold hits you with a +0 club.
* * * LOW HITPOINT WARNING * * *
You climb upwards.
There is a stone staircase leading down here.
You are too injured to fight recklessly!
You are too injured to fight recklessly!
Casting: Dazzling Flash (quite dangerous; 8% risk of failure)
Confirm with . or Enter, or press ? or * to list all spells.
Aiming: Searing Ray (safe; 1% risk of failure)
Press: ? - help, Shift-Dir - straight line, f - kobold
Aim: a kobold, wielding a +0 club (blind, 74% to hit)
The searing ray hits the kobold.
You kill the kobold! (Press . to maintain the ray.)
The worm closely misses you.
Casting: Searing Ray (safe; 1% risk of failure)
Confirm with . or Enter, or press ? or * to list all spells.
Restarting spell: Searing Ray (safe; 1% risk of failure)
Press: ? - help, Shift-Dir - straight line, f - worm
Aim: a worm (blind, 93% to hit)
The searing ray hits the worm!
The worm is heavily wounded. (Press . to maintain the ray.)
The searing ray hits the worm.
The worm is almost dead.
The worm is no longer blind.
The worm bites you.
* * * LOW HITPOINT WARNING * * *
The searing ray misses the worm.
The worm bites you!
You die...

#### ...# ...#
########## ...#
######........#
...###.........†)#.#
................@#.#
...###.#.......w##.#
...# #.##.......##.#
...# #.##..........#
...###.##......#####
...#...##......#
###....##......#
#....##......#
###....#.......#


You could see a worm.

Vanquished Creatures
  3 dart slugs (D:1)
  4 ball pythons (D:1)
  5 endoplasms (D:1)
  2 giant cockroaches (D:1)
  6 goblins (D:1)
  4 hobgoblins (D:1)
  4 jackals (D:1)
  4 quokkas (D:1)
  2 bats (D:1)
  2 frilled lizards (D:1)
  4 kobolds (D:1)
  4 rats (D:1)
44 creatures vanquished.

Notes
Turn   | Place    | Note
-------+----------+-------------------------------------------
     0 | D:1      | croobank the Gnoll Conjurer began the quest for the Orb.
     0 | D:1      | Reached XP level 1. HP: 13/13 MP: 6/6
   357 | D:1      | Reached XP level 2. HP: 19/19 MP: 5/7
   360 | D:1      | Learned a level 2 spell: Searing Ray
   849 | D:1      | Reached skill level 5 in Spellcasting
   849 | D:1      | Reached XP level 3. HP: 23/25 MP: 2/9
   853 | D:1      | Learned a level 3 spell: Dazzling Flash
  1013 | D:1      | Reached skill level 1 in Invocations
  1319 | D:1      | Reached skill level 1 in Fighting
  1319 | D:1      | Reached skill level 1 in Short Blades
  1319 | D:1      | Reached skill level 1 in Long Blades
  1319 | D:1      | Reached skill level 1 in Axes
  1319 | D:1      | Reached skill level 1 in Maces & Flails
  1319 | D:1      | Reached skill level 1 in Polearms
  1319 | D:1      | Reached skill level 1 in Staves
  1319 | D:1      | Reached skill level 1 in Ranged Weapons
  1319 | D:1      | Reached skill level 1 in Throwing
  1319 | D:1      | Reached skill level 1 in Armour
  1319 | D:1      | Reached skill level 1 in Shields
  1319 | D:1      | Reached skill level 1 in Unarmed Combat
  1319 | D:1      | Reached skill level 1 in Evocations
  1948 | D:1      | HP: 1/26 [worm (6)]
  1949 | D:1      | Mangled by a worm

Illustrated notes

Levels and vault maps discovered:
D:1:      psy_arrival_radial01, layout_basic
D:2:      layout_rooms, basic_altar, minmay_indecisive_spiral

Skill      XL: |  1  2  3 |
---------------+----------+-----
Spellcasting   | 5 |  5.0
Invocations    | 1 |  1.1
Fighting       | 1 |  1.0
Short Blades   | 1 |  1.0
Long Blades    | 1 |  1.0
Axes           | 1 |  1.0
Maces & Flails | 1 |  1.0
Polearms       | 1 |  1.0
Staves         | 1 |  1.0
Ranged Weapons | 1 |  1.0
Throwing       | 1 |  1.0
Armour         | 1 |  1.0
Shields        | 1 |  1.0
Unarmed Combat | 1 |  1.0
Evocations     | 1 |  1.0
Dodging        | |  4.6
Stealth        | |  4.2
Conjurations   | |  7.1
Hexes          | |  0.7
Summonings     | |  0.7
Necromancy     | |  0.7
Translocations | |  0.7
Transmutations | |  0.7
Fire Magic     | |  0.7
Ice Magic      | |  0.7
Air Magic      | |  0.7
Earth Magic    | |  0.7
Poison Magic   | |  0.7

Action                   || total
-------------------------++-------
Melee: Dagger            ||    32
       Bite              ||     1
 Cast: Magic Dart        ||    45
       Searing Ray       ||    17
       Dazzling Flash    ||     3
  Use: Potion            ||     1
 Stab: Invisible         ||     2
Armor: Robe              ||    14
Dodge: Dodged            ||    43
